 Dungeon Crawl Stone Soup version 0.30-a0-170-g85af917532 (webtiles) character file.

Game seed: 10913645362953789389

15533 qw the Blocker (level 12, -6/72 HPs)
             Began as a Gargoyle Fighter on Sept 30, 2022.
             Was an Elder of Okawaru.
             Mangled by a white ugly thing (21 damage)
             ... in a Gauntlet.
             The game lasted 00:04:19 (10625 turns).

qw the Blocker (Gargoyle Fighter)                  Turns: 10625, Time: 00:04:20

Health: -6/72      AC: 33    Str: 24    XL:     12   Next: 28%
Magic:  10/10      EV:  7    Int: 10    God:    Okawaru [****..]
Gold:   484        SH:  0    Dex: 11    Spells: 11/11 levels left

rFire   . . .      SeeInvis +    Y - +4 war axe (vamp)
rCold   . . .      Faith    .    m - +0 tower shield
rNeg    + + .      Spirit   .    h - +0 plate armour
rPois   inf        Reflect  .    w - +0 hat "Azoclin" {Rampage MP-9 Dex+2 SInv}
rElec   +          Harm     .    (no cloak)
rCorr   .          Rampage  +    p - +2 pair of gloves
Will    .....      NoTele   +    o - +1 pair of boots
Stlth   ..........               l - amulet of regeneration
HPRegen 1.02/turn                a - ring of positive energy
MPRegen 0.12/turn                q - +4 ring of protection

@: confused, heroic
A: sickness immunity, AC +8, negative energy resistance 1, electricity
resistance, torment resistance 1, petrification resistance
a: Renounce Religion, Heroism, Finesse


You were in a Gauntlet.
You worshipped Okawaru.
Okawaru was greatly pleased with you.
You visited 3 branches of the dungeon, and saw 14 of its levels.
You also visited: Gauntlet.

You collected 641 gold pieces.
You spent 157 gold pieces at shops.


Innate Abilities, Weirdness & Mutations

You are immune to sickness and miasma.
Your stone body is resilient. (AC +8)
You are immune to poison.
You resist negative energy. (rN+)
You are resistant to electric shocks. (rElec)
You are resistant to unholy torment.
You are immune to petrification.


   Skills:
 - Level 7.0(12.0) Fighting
 - Level 10.0(15.0) Axes
 - Level 4.0(9.0) Throwing
 - Level 6.2(11.2) Armour
 - Level 1.1(6.1) Dodging
 + Level 12.1(17.1) Shields
 - Level 10.0 Invocations


You had 11 spell levels left.
You didn't know any spells.
Your spell library was empty.

Inventory:

Hand Weapons
 u - a +0 morningstar
 Y - a +4 vampiric war axe (weapon)
Missiles
 r - a boomerang (quivered)
 t - a silver javelin
Armour
 h - a +0 plate armour (worn)
 m - a +0 tower shield (worn)
 n - a +0 helmet
 o - a +1 pair of boots (worn)
 p - a +2 pair of gloves (worn)
 w - the +0 hat "Azoclin" (worn) {Rampage MP-9 Dex+2 SInv}
   (You acquired it on level 11 of the Dungeon)

   Dex:       It affects your dexterity (+2).
   MP:        It affects your magic capacity (-9).
   SInv:      It lets you see invisible.
   Rampage:   It bestows one free step when moving towards enemies.
Jewellery
 a - a ring of positive energy (left hand)
 l - an amulet of regeneration (around neck)
 q - a +4 ring of protection (right hand)
Scrolls
 b - 3 scrolls of teleportation
 c - a scroll of identify
Potions
 d - 4 potions of might
 f - a potion of mutation
 g - a potion of attraction {unknown}
 i - 2 potions of lignification
 j - a potion of cancellation
 k - 3 potions of resistance
 s - a potion of haste {unknown}
 v - a potion of degeneration {unknown}

Dungeon Overview and Level Annotations

Branches:
Dungeon (12/15)            Temple (1/1) D:7            Lair (1/5) D:11
    Orc (0/2) D:9         Gauntlet (1/1)

Altars:
Ashenzari
Cheibriados
Dithmenos
Elyvilon
Fedhas
Gozag
Hepliaklqana
Kikubaaqudgha
Makhleb
Nemelex Xobeh
Okawaru
Qazlal
Ru
Sif Muna
Trog
Uskayaw
Vehumet
Wu Jian
Xom
Yredelemnul
Zin
The Shining One

Shops:
D:7 *   D:8 [

Annotations:
D:3 3 runed translucent doors, qw's ghost, amateur GrFi Gauntlet 9 transporters, 1 runed translucent door


Message History

The white ugly thing bites you but does no damage.
The great orb of eyes gazes at you.
Your mind is blasted!
Ouch! That really hurt!
You bump into the crystal wall.
The white ugly thing completely misses you.
The great orb of eyes bites you.
You barely miss the great orb of eyes.
The great orb of eyes is heavily wounded.
You hit the white ugly thing.
You feel better.
The white ugly thing bites you but does no damage.
The great orb of eyes bites you but does no damage.
You bump into the crystal wall.
The white ugly thing bites you but does no damage.
The great orb of eyes bites you but does no damage.
The great orb of eyes gazes at you. You resist with significant effort.
You miss the white ugly thing.
The white ugly thing is severely wounded.
You hit the great orb of eyes.
You feel better.
The white ugly thing bites you but does no damage.
The great orb of eyes gazes at you.
You are more confused.
You bump into the translucent stone wall.
The white ugly thing bites you. The white ugly thing freezes you!
The great orb of eyes barely misses you.
You slash the great orb of eyes!
The great orb of eyes is severely wounded.
You hit the white ugly thing.
You feel better.
The white ugly thing bites you but does no damage.
The great orb of eyes closely misses you.
You completely miss the great orb of eyes.
The great orb of eyes is severely wounded.
You slash the white ugly thing! The white ugly thing barely misses you.
The great orb of eyes bites you!
You slash the great orb of eyes!
You feel better.
The great orb of eyes is almost dead.
You barely miss the white ugly thing. The white ugly thing bites you.
The white ugly thing freezes you!!
You die...

####~~~#~~~#~~~#~~~#~~~#
#~~..................~#
#~.....P.#########...##
####..P..P7.#.......#.7.~##
#~~..PP.....#.......#...~~#
#~..7P7P7.#######'###...~##
#.........#^#^...'.^#...##
..#########.#.##uG###.7.~##
..#.......#.#.##@#.)#...~~#
..#.#'###.#.#....#?[#...~##
###.#..~#|#.#########.P.##
#^#.#.^~#^#^#.........7.~##
#.#.#..~#.#.#########.P.~~# # #
#.#.#+###.#.#Zk8#8..#...~##...#
#.#.......#.#ZZZ8...#...## .7.###
#.#########.#8.8.8.)#.7..##.....
#.#.......#^##8.^.8^#.....#.7.###


You could see a death drake, a great orb of eyes, a white ugly thing, 2 spectral
centaur warriors, a hornet zombie and a wolf spider zombie.

Vanquished Creatures
  Harold (D:11)
  6 two-headed ogres
  A soul eater (Gauntlet)
  A deep elf pyromancer (D:12)
  2 ugly things
  A cyclops (D:11)
  An ice statue (Gauntlet)
  A gargoyle (D:12)
  An unseen horror (D:11)
  2 rime drakes
  2 kobold demonologists (D:10)
  Psyche (D:12)
  A komodo dragon (Lair:1)
  A hornet (D:9)
  2 trolls
  Prince Ribbit (D:8)
  4 wraiths
  9 yaks
  2 vampires
  2 wyverns
  2 steam dragons
  3 vampire mosquitoes (D:10)
  3 water moccasins
  2 acid dragons
  An orc warrior (D:11)
  An ice beast (D:8)
  3 black bears
  2 ogres (D:4)
  A centaur (D:5)
  A phantom (D:7)
  7 bullfrogs
  5 scorpions
  2 necrophages
  2 electric eels (D:8)
  A howler monkey (D:10)
  A gnoll bouda (D:8)
  4 orc priests
  5 hounds
  A jelly (D:4)
  4 iguanas
  Natasha (D:3)
  4 orc wizards
  3 gnolls (D:8)
  3 adders
  4 shadow imps
  2 ufetubi (D:5)
  A worm (D:2)
  4 dart slugs
  19 orcs
  2 bats
  8 endoplasms
  2 giant cockroaches (D:1)
  7 goblins
  7 hobgoblins
  3 jackals (D:2)
  6 kobolds
  4 quokkas
  10 ball pythons
  2 frilled lizards
  9 rats
194 creatures vanquished.

Vanquished Creatures (others)
  2 fungi (D:11)
  10 plants
12 creatures vanquished.

Grand Total: 206 creatures vanquished

Notes
Turn   | Place    | Note
-------+----------+-------------------------------------------
     0 | D:1      | qw the Gargoyle Fighter began the quest for the Orb.
     0 | D:1      | Reached XP level 1. HP: 14/14 MP: 1/1
     0 | D:1      | 0 ||| qw: Version: 0.2-a-12-gaebbb33
     0 | D:1      | 0 ||| qw: Game counter: 1427
     0 | D:1      | 0 ||| qw: Always use a shield: true
     0 | D:1      | 0 ||| qw: God list: Okawaru
     0 | D:1      | 0 ||| qw: Allow faded altars: false
     0 | D:1      | 0 ||| qw: Do Orc after D:15 true
     0 | D:1      | 0 ||| qw: Do second Lair branch before Depths: true
     0 | D:1      | 0 ||| qw: Lair rune preference: random
     0 | D:1      | 0 ||| qw: Plans: Normal, Zot:1-4, God:TSO, Crypt, Tomb,
                  | Pan, Slime:5, Hells, Abyss, Orb
     0 | D:1      | 0 ||| PLANNING D:1-11
   355 | D:1      | Reached XP level 2. HP: 19/19 MP: 2/2
   378 | D:1      | 378 ||| Stepping ~*~*~tactically~*~*~ (hiding).
   488 | D:1      | Found a faded altar of an unknown god.
  1088 | D:1      | 1088 ||| READING scroll labelled EDAECED YRCH.
  1096 | D:1      | 1096 ||| READING scroll labelled JAUCVA UGOTU.
  1097 | D:1      | 1097 ||| READING scroll labelled XYQERR NU FIY.
  1103 | D:1      | 1103 ||| READING scroll labelled AVONEVOTEI.
  1145 | D:2      | 1145 ||| STAIRDANCE
  1154 | D:2      | Reached skill level 3 in Axes
  1154 | D:2      | Reached XP level 3. HP: 21/23 MP: 3/3
  1290 | D:2      | 1290 ||| Stepping ~*~*~tactically~*~*~ (hiding).
  1438 | D:2      | 1438 ||| Stepping ~*~*~tactically~*~*~ (water).
  1568 | D:2      | 1568 ||| Stepping ~*~*~tactically~*~*~ (stealth).
  1571 | D:2      | 1571 ||| Stepping ~*~*~tactically~*~*~ (stealth).
  2046 | D:2      | Reached XP level 4. HP: 28/28 MP: 4/4
  2286 | D:2      | 2286 ||| UPGRADING to +0 tower shield.
  2296 | D:2      | 2296 ||| DROPPING +0 buckler.
  2297 | D:2      | 2297 ||| UPGRADING to +0 pair of gloves.
  2302 | D:2      | 2302 ||| UPGRADING to ring of positive energy.
  2303 | D:2      | 2303 ||| UPGRADING to +4 ring of protection.
  2304 | D:2      | 2304 ||| READING scroll labelled HATUPE NIDEE.
  2305 | D:2      | 2305 ||| READING scroll labelled ZUAHAH MIYSCH.
  2308 | D:2      | 2308 ||| READING scroll labelled NUGRI SIT SUM.
  2309 | D:2      | 2309 ||| READING scroll labelled WEKYAT HEAT.
  2310 | D:2      | 2310 ||| DRINKING 2 lumpy puce potions.
  2406 | D:3      | Found a runed translucent gate.
  2406 | D:3      | Found a runed translucent gate.
  2406 | D:3      | Found a runed translucent gate.
  2415 | D:3      | Noticed qw's ghost (amateur GrFi)
  2581 | D:3      | Noticed Natasha
  2585 | D:3      | Killed Natasha
  2586 | D:3      | Reached skill level 4 in Shields
  2586 | D:3      | Reached XP level 5. HP: 32/32 MP: 5/5
  2877 | D:3      | 2877 ||| UPGRADING to amulet of regeneration.
  2882 | D:3      | 2882 ||| READING scroll labelled MAUFAD XEBO.
  2882 | D:3      | Identified a scroll of acquirement
  2882 | D:3      | 2882 ||| ACQUIRING +3 scale mail of Cocytus {Str+4}
  2882 | D:3      | Acquired the +3 scale mail of Cocytus {Str+4}
  2884 | D:3      | 2884 ||| UPGRADING to +3 scale mail of Cocytus {Str+4}.
  2894 | D:3      | 2894 ||| DROPPING +0 scale mail.
  2941 | D:4      | 2941 ||| Stepping ~*~*~tactically~*~*~ (stealth).
  2946 | D:4      | 2946 ||| Stepping ~*~*~tactically~*~*~ (stealth).
  2958 | D:4      | 2958 ||| DROPPING +0 club.
  2969 | D:4      | 2969 ||| DROPPING +0 whip.
  2993 | D:4      | 2993 ||| Stepping ~*~*~tactically~*~*~ (stealth).
  2997 | D:4      | 2997 ||| Stepping ~*~*~tactically~*~*~ (stealth).
  3001 | D:4      | 3001 ||| Stepping ~*~*~tactically~*~*~ (stealth).
  3014 | D:4      | 3014 ||| Stepping ~*~*~tactically~*~*~ (hiding).
  3033 | D:4      | Reached skill level 5 in Shields
  3057 | D:4      | Noticed an ogre
  3064 | D:4      | HP: 6/32 [ogre/+0 giant club (22)]
  3065 | D:4      | 3065 ||| READING scroll of teleportation.
  3067 | D:4      | Killed an ogre
  3068 | D:4      | Reached XP level 6. HP: 11/37 MP: 6/6
  3114 | D:4      | Reached skill level 6 in Shields
  3557 | D:4      | Reached skill level 7 in Shields
  3557 | D:4      | Reached XP level 7. HP: 24/41 MP: 7/7
  3699 | D:4      | 3699 ||| SWAPPING to +0 war axe of electrocution.
  3700 | D:4      | 3700 ||| DROPPING +0 war axe.
  3749 | D:4      | 3749 ||| READING scroll labelled JUVOUPA EPLET.
  3762 | D:5      | Entered Level 5 of the Dungeon
  3941 | D:5      | 3941 ||| Stepping ~*~*~tactically~*~*~ (stealth).
  3961 | D:5      | 3961 ||| DROPPING +3 whip.
  3978 | D:5      | 3978 ||| Stepping ~*~*~tactically~*~*~ (hiding).
  3985 | D:5      | Reached skill level 8 in Shields
  4136 | D:5      | Found an ornate altar of the Wu Jian Council.
  4154 | D:5      | Reached XP level 8. HP: 45/46 MP: 8/8
  4371 | D:5      | 4371 ||| Stepping ~*~*~tactically~*~*~ (hiding).
  4494 | D:5      | Identified the +4 shortbow of Misery {speed, rPois rC+ rN+}
  4553 | D:5      | 4553 ||| Stepping ~*~*~tactically~*~*~ (hiding).
  4561 | D:5      | Reached skill level 9 in Shields
  4581 | D:5      | Reached skill level 1 in Dodging
  4597 | D:5      | 4597 ||| Stepping ~*~*~tactically~*~*~ (stealth).
  4614 | D:5      | 4614 ||| UPGRADING to +0 plate armour.
  4624 | D:5      | 4624 ||| DROPPING +3 scale mail of Cocytus {Str+4}.
  4625 | D:5      | 4625 ||| DRINKING 2 fuming green potions.
  4633 | D:5      | 4633 ||| DRINKING 2 viscous black potions.
  4634 | D:5      | 4634 ||| DRINKING 2 glowing green potions.
  4635 | D:5      | 4635 ||| DROPPING potion of ambrosia.
  4636 | D:5      | 4636 ||| Stepping ~*~*~tactically~*~*~ (stealth).
  5403 | D:6      | 5403 ||| READING scroll labelled VASIPU OCKATOW.
  5404 | D:6      | 5404 ||| READING 2 scrolls of identify.
  5404 | D:6      | 5404 ||| IDENTIFYING white potion
  5500 | D:7      | Reached skill level 6 in Axes
  5630 | D:7      | Found Tiul's CLEARANCE SALE!.
  5695 | D:7      | Found a staircase to the Ecumenical Temple.
  5696 | D:7      | 5696 ||| PLANNING TEMPLE
  5696 | D:7      | 5696 ||| READING scroll labelled QAOKKI VAXZESS.
  5797 | D:7      | 5797 ||| READING scroll labelled QASYSA KAS ITOU.
  5798 | D:7      | 5798 ||| READING 2 scrolls of identify.
  5798 | D:7      | 5798 ||| IDENTIFYING fizzy green potion
  5799 | D:7      | 5799 ||| DROPPING potion of magic.
  5808 | Temple   | Entered the Ecumenical Temple
  5847 | Temple   | 5847 ||| PLANNING OKAWARU WORSHIP
  5937 | Temple   | Became a worshipper of Warmaster Okawaru
  5938 | Temple   | 5938 ||| PLANNING D:1-11
  6203 | D:7      | 6203 ||| Stepping ~*~*~tactically~*~*~ (cloud).
  6208 | D:7      | 6208 ||| Stepping ~*~*~tactically~*~*~ (hiding).
  6211 | D:7      | 6211 ||| READING scroll labelled YKKOIPPEIH.
  6222 | D:7      | Reached XP level 9. HP: 32/52 MP: 9/9
  6222 | D:7      | 6222 ||| Stepping ~*~*~tactically~*~*~ (cloud).
  6298 | D:7      | 6298 ||| Stepping ~*~*~tactically~*~*~ (water).
  6590 | D:7      | 6590 ||| DRINKING 2 blue potions.
  6591 | D:7      | 6591 ||| DROPPING potion of flight.
  6803 | D:8      | Reached skill level 10 in Shields
  6821 | D:8      | Found Xaxat's Antique Armour Shop.
  6827 | D:8      | 6827 ||| BUYING pair of runed gloves (157 gold).
  6827 | D:8      | Bought a pair of runed gloves for 157 gold pieces
  6861 | D:8      | Reached * piety under Okawaru
  6880 | D:8      | Reached skill level 1 in Invocations
  6935 | D:8      | 6935 ||| INVOKING Heroism.
  6993 | D:8      | 6993 ||| INVOKING Heroism.
  7200 | D:8      | 7200 ||| Stepping ~*~*~tactically~*~*~ (hiding).
  7208 | D:8      | 7208 ||| INVOKING Heroism.
  7235 | D:8      | 7235 ||| DROPPING +0 flail.
  7291 | D:8      | Found an ancient bone altar of Kikubaaqudgha.
  7291 | D:8      | Noticed Prince Ribbit
  7292 | D:8      | 7292 ||| INVOKING Heroism.
  7305 | D:8      | 7305 ||| INVOKING Heroism.
  7311 | D:8      | Killed Prince Ribbit
  7312 | D:8      | Reached skill level 3 in Invocations
  7384 | D:8      | 7384 ||| INVOKING Heroism.
  7405 | D:8      | 7405 ||| Stepping ~*~*~tactically~*~*~ (stealth).
  7580 | D:8      | 7580 ||| UPGRADING to +2 pair of gloves.
  7590 | D:8      | 7590 ||| DROPPING +0 pair of gloves.
  7591 | D:8      | 7591 ||| DRINKING 2 bubbling emerald potions.
  7773 | D:9      | Noticed a hornet
  7786 | D:9      | Killed a hornet
  7800 | D:9      | Noticed a two-headed ogre
  7801 | D:9      | 7801 ||| INVOKING Heroism.
  7812 | D:9      | Killed a two-headed ogre
  7812 | D:9      | Reached ** piety under Okawaru
  7813 | D:9      | Reached XP level 10. HP: 46/60 MP: 11/13
  7886 | D:9      | Found a blossoming altar of Fedhas.
  7890 | D:9      | Found a sparkling altar of Nemelex Xobeh.
  7890 | D:9      | Found a broken altar of Ashenzari.
  7891 | D:9      | Found a white marble altar of Elyvilon.
  7892 | D:9      | Found a shadowy altar of Dithmenos.
  7977 | D:9      | 7977 ||| READING scroll of enchant weapon.
  7977 | D:9      | 7977 ||| ENCHANTING +1 war axe of electrocution.
  8141 | D:9      | Found a staircase to the Orcish Mines.
  8160 | D:9      | 8160 ||| DROPPING ring of magical power.
  8161 | D:9      | 8161 ||| READING scroll labelled ITAETHRE QAMMO.
  8162 | D:9      | 8162 ||| READING 3 scrolls of identify.
  8162 | D:9      | 8162 ||| IDENTIFYING pink potion
  8163 | D:9      | 8163 ||| READING 2 scrolls of identify.
  8163 | D:9      | 8163 ||| IDENTIFYING puce potion
  8164 | D:9      | 8164 ||| DROPPING potion of brilliance.
  8165 | D:9      | 8165 ||| DROPPING potion of invisibility.
  8174 | D:10     | Entered Level 10 of the Dungeon
  8174 | D:10     | Noticed a two-headed ogre
  8175 | D:10     | 8175 ||| INVOKING Heroism.
  8189 | D:10     | Killed a two-headed ogre
  8190 | D:10     | Reached skill level 11 in Shields
  8197 | D:10     | Noticed a kobold demonologist
  8198 | D:10     | 8198 ||| Stepping ~*~*~tactically~*~*~ (stealth).
  8211 | D:10     | 8211 ||| INVOKING Heroism.
  8213 | D:10     | Noticed a kobold demonologist
  8219 | D:10     | Noticed an orange demon
  8225 | D:10     | Noticed a sun demon
  8231 | D:10     | Killed a kobold demonologist
  8231 | D:10     | Reached *** piety under Okawaru
  8233 | D:10     | Killed a kobold demonologist
  8268 | D:10     | 8268 ||| INVOKING Heroism.
  8271 | D:10     | 8271 ||| Stepping ~*~*~tactically~*~*~ (stealth).
  8273 | D:10     | 8273 ||| Stepping ~*~*~tactically~*~*~ (stealth).
  8274 | D:10     | 8274 ||| Stepping ~*~*~tactically~*~*~ (stealth).
  8284 | D:10     | Reached skill level 6 in Fighting
  8285 | D:10     | 8285 ||| INVOKING Heroism.
  8389 | D:10     | Noticed a two-headed ogre
  8390 | D:10     | 8390 ||| INVOKING Heroism.
  8402 | D:10     | Killed a two-headed ogre
  8402 | D:10     | Reached **** piety under Okawaru
  8413 | D:10     | 8413 ||| INVOKING Heroism.
  8418 | D:10     | Received a gift from Okawaru
  8423 | D:10     | Reached XP level 11. HP: 62/64 MP: 12/14
  8428 | D:10     | Reached skill level 9 in Axes
  8519 | D:10     | Noticed a two-headed ogre
  8520 | D:10     | 8520 ||| INVOKING Heroism.
  8529 | D:10     | Killed a two-headed ogre
  8640 | D:11     | 8640 ||| INVOKING Heroism.
  8652 | D:11     | Reached skill level 6 in Invocations
  8717 | D:11     | Noticed a cyclops
  8718 | D:11     | 8718 ||| FLEEEEING.
  8732 | D:11     | 8732 ||| INVOKING Heroism.
  8739 | D:11     | Killed a cyclops
  8773 | D:11     | 8773 ||| Stepping ~*~*~tactically~*~*~ (stealth).
  8775 | D:11     | 8775 ||| Stepping ~*~*~tactically~*~*~ (stealth).
  8781 | D:11     | 8781 ||| Stepping ~*~*~tactically~*~*~ (stealth).
  8782 | D:11     | 8782 ||| INVOKING Heroism.
  8827 | D:11     | Found a glowing golden altar of the Shining One.
  8865 | D:11     | Reached skill level 12 in Shields
  8868 | D:11     | You fall into a shaft and drop 1 floor!
  8923 | D:12     | Noticed a two-headed ogre
  8924 | D:12     | 8924 ||| INVOKING Heroism.
  8925 | D:12     | 8925 ||| Stepping ~*~*~tactically~*~*~ (stealth).
  8929 | D:12     | 8929 ||| Stepping ~*~*~tactically~*~*~ (stealth).
  8947 | D:12     | Killed a two-headed ogre
  8961 | D:12     | 8961 ||| READING scroll of enchant weapon.
  8961 | D:12     | 8961 ||| ENCHANTING +2 vampiric war axe.
  8996 | D:12     | 8996 ||| INVOKING Heroism.
  9133 | D:12     | Noticed a deep elf pyromancer
  9144 | D:12     | 9144 ||| INVOKING Heroism.
  9153 | D:12     | Killed a deep elf pyromancer
  9184 | D:12     | Noticed a two-headed ogre
  9185 | D:12     | 9185 ||| INVOKING Heroism.
  9197 | D:12     | Killed a two-headed ogre
  9197 | D:12     | Reached ***** piety under Okawaru
  9198 | D:12     | Reached skill level 6 in Armour
  9226 | D:12     | Noticed Psyche
  9227 | D:12     | 9227 ||| INVOKING Heroism.
  9246 | D:12     | Killed Psyche
  9276 | D:12     | 9276 ||| Stepping ~*~*~tactically~*~*~ (hiding).
  9340 | D:12     | 9340 ||| UPGRADING to +0 helmet.
  9345 | D:12     | 9345 ||| UPGRADING to +0 pair of boots.
  9350 | D:12     | 9350 ||| DRINKING 2 dark potions.
  9353 | D:12     | Noticed a brown ugly thing
  9367 | D:12     | 9367 ||| INVOKING Heroism.
  9370 | D:12     | Killed a brown ugly thing
  9442 | D:11     | Noticed Harold
  9443 | D:11     | 9443 ||| FLEEEEING.
  9444 | D:11     | 9444 ||| FLEEEEING.
  9453 | D:11     | 9453 ||| FLEEEEING.
  9456 | D:11     | 9456 ||| FLEEEEING.
  9458 | D:11     | 9458 ||| FLEEEEING.
  9459 | D:11     | 9459 ||| STAIRDANCE
  9563 | D:11     | 9563 ||| INVOKING Heroism.
  9576 | D:11     | Killed Harold
  9576 | D:11     | Received a gift from Okawaru
  9577 | D:11     | Reached skill level 9 in Invocations
  9577 | D:11     | Reached XP level 12. HP: 50/72 MP: 18/18
  9719 | D:11     | 9719 ||| READING scroll of enchant weapon.
  9719 | D:11     | 9719 ||| ENCHANTING +3 vampiric war axe.
  9741 | D:11     | 9741 ||| DRINKING potion of curing.
  9741 | D:11     | 9741 ||| (to cure confusion)
  9837 | D:11     | 9837 ||| READING scroll of acquirement.
  9837 | D:11     | 9837 ||| ACQUIRING +0 hat "Azoclin" {Rampage MP-9 Dex+2
                  | SInv}
  9837 | D:11     | Acquired the +0 hat "Azoclin" {Rampage MP-9 Dex+2 SInv}
  9839 | D:11     | 9839 ||| UPGRADING to +0 hat "Azoclin" {Rampage MP-9 Dex+2
                  | SInv}.
  9892 | D:11     | Found a staircase to the Lair.
  9950 | D:11     | 9950 ||| PLANNING LAIR
  9995 | Lair:1   | Entered Level 1 of the Lair of Beasts
  9996 | Lair:1   | 9996 ||| PLANNING GAUNTLET
 10005 | Lair:1   | 10005 ||| INVOKING Heroism.
 10043 | Lair:1   | 10043 ||| Stepping ~*~*~tactically~*~*~ (hiding).
 10048 | Lair:1   | 10048 ||| INVOKING Heroism.
 10144 | Lair:1   | Found a gate leading to a gauntlet.
 10153 | Gauntlet | Entered a Gauntlet
 10153 | Gauntlet | Found a transporter.
 10154 | Gauntlet | Noticed a soul eater
 10160 | Gauntlet | Found a transporter.
 10162 | Gauntlet | Found a transporter.
 10167 | Gauntlet | Found a runed translucent door.
 10167 | Gauntlet | Found a runed translucent door.
 10173 | Gauntlet | Found a transporter.
 10176 | Gauntlet | Found a transporter.
 10178 | Gauntlet | Noticed a great orb of eyes
 10182 | Gauntlet | Found a runed translucent gate.
 10182 | Gauntlet | Found a runed translucent gate.
 10182 | Gauntlet | Found a runed translucent gate.
 10185 | Gauntlet | Found a transporter.
 10203 | Gauntlet | Found a transporter.
 10214 | Gauntlet | Found a transporter.
 10225 | Gauntlet | Found a transporter.
 10243 | Gauntlet | Found a transporter.
 10253 | Gauntlet | Found a transporter.
 10253 | Gauntlet | Found a transporter.
 10297 | Gauntlet | Found a transporter.
 10299 | Gauntlet | Found the +12 pair of quick blades "Gyre" and "Gimble"
                  | {protect}
 10315 | Gauntlet | Found a transporter.
 10402 | Gauntlet | 10402 ||| INVOKING Heroism.
 10417 | Gauntlet | Killed a soul eater
 10425 | Gauntlet | 10425 ||| READING scroll of enchant armour.
 10425 | Gauntlet | 10425 ||| ENCHANTING +0 pair of boots.
 10451 | Gauntlet | 10451 ||| INVOKING Heroism.
 10452 | Gauntlet | 10452 ||| INVOKING Finesse.
 10453 | Gauntlet | 10453 ||| Stepping randomly (cloudy).
 10511 | Gauntlet | 10511 ||| INVOKING Heroism.
 10512 | Gauntlet | 10512 ||| INVOKING Finesse.
 10513 | Gauntlet | 10513 ||| Stepping randomly (cloudy).
 10513 | Gauntlet | HP: 17/72 [ice statue] (27)]
 10514 | Gauntlet | 10514 ||| DRINKING 2 potions of heal wounds.
 10525 | Gauntlet | 10525 ||| Stepping ~*~*~tactically~*~*~ (cloud).
 10525 | Gauntlet | HP: 10/72 [ice statue] (18)]
 10526 | Gauntlet | 10526 ||| DRINKING potion of heal wounds.
 10601 | Gauntlet | 10601 ||| INVOKING Heroism.
 10624 | Gauntlet | HP: 18/72 [great orb of eyes (11)]
 10625 | Gauntlet | Mangled by a white ugly thing

Levels and vault maps discovered:
D:1:      lightli_molten_gateway, layout_loops_corners,
          shapermc_ecumenical_altar_mp_highgroup
D:2:      layout_loops_corners, chequers_serial_rivers_micro_c,
          hangedman_abyss_or_decor_stabs
D:3:      layout_rooms, gammafunk_ghost_necromancy, serial_corexii_hall,
          corexii_hall_statues_x, chequers_hall_statues_wall_a, uniq_natasha
D:4:      layout_basic, minmay_strange_pillars
D:5:      layout_loops_cross, kennysheep_little_box
D:6:      layout_cave_pods
D:7:      layout_basic, minmay_temple_entry_glass, enter_bailey_4,
          nicolae_shop_clearance
D:8:      layout_loops_ring, mainiacjoe_overflow_alcove_4, serial_shops,
          nicolae_shop_trees, minivault_5, chequers_serial_rivers_micro_e,
          grunt_ministairs_11, kennysheep_donut, uniq_prince_ribbit1
D:9:      layout_basic, minitemple, orc_0_dummy
D:10:     layout_cross, statue_in_the_mist_lemuel
D:11:     layout_rooms, grunt_lair_entry_orc_guard_hut, tso_altar, uniq_harold
D:12:     layout_irregular_city, enter_trove_2, uniq_psyche
Temple:   nicolae_temple_superstar
Lair:1:   wad_woods_04, layout_concentric_octagons, gauntlet_entry_generic,
          beast_lair_carwin_9, lemuel_fruit_tree
Gauntlet: minmay_gauntlet_77_tree [minmay_gauntlet_arena_77_braids,
          minmay_gauntlet_arena_77_museum, minmay_gauntlet_arena_77_shame_cube,
          minmay_gauntlet_arena_77_mirror, minmay_gauntlet_arena_77_block_sizes,
          minmay_gauntlet_arena_77_terracotta_army,
          minmay_gauntlet_arena_77_run_for_it,
          nicolae_gauntlet_exit_dead_adventurers]

Skill      XL: |  1  2  3  4  5  6  7  8  9 10 11 12 |
---------------+-------------------------------------+-----
Axes           | 2 3 4 5 6 7 8 9 10 | 10.0
Shields        | 4 5 7 8 9 10 11 12 | 12.1
Dodging        | 1 |  1.1
Fighting       | 4 5 6 7 |  7.0
Invocations    | 4 9 10 | 10.0
Armour         | 4 5 6 |  6.2
Throwing       | 4 |  4.0

Action                   |  1- 3 |  4- 6 |  7- 9 | 10-12 || total
-------------------------+-------+-------+-------+-------++-------
Melee: War axe           |   105 |   118 |   283 |   378 ||   884
Throw: Boomerang         |       |     1 |    23 |    39 ||    63
       Javelin           |       |       |       |     5 ||     5
Invok: Heroism           |       |       |     7 |    23 ||    30
       Finesse           |       |       |       |     2 ||     2
  Use: Scroll            |     4 |     6 |     7 |     8 ||    25
       Potion            |       |     1 |     5 |     4 ||    10
Armor: Scale mail        |    58 |    61 |    70 |       ||   189
       Plate armour      |       |       |   105 |   279 ||   384
Dodge: Dodged            |    57 |    23 |    49 |    58 ||   187
Block: Buckler           |    25 |     2 |       |       ||    27
       Tower shield      |       |    60 |   258 |   310 ||   628

Table legend:
 A = Non-vault XP
 B = Vault XP
 C = Vault XP percentage of total XP
 D = Non-vault monster count
 E = Vault monster count
 F = Vault count percentage of total count
                 A         B        C        D         E       F
            +---------+---------+-------+---------+---------+-------
      Total |   17676 |    4514 |  20.3 |     168 |      26 |  13.4
            +---------+---------+-------+---------+---------+-------
        D:1 |      24 |       0 |   0.0 |      14 |       0 |   0.0
        D:2 |     103 |       0 |   0.0 |      28 |       0 |   0.0
        D:3 |      24 |      35 |  59.3 |       7 |       1 |  12.5
        D:4 |     670 |       0 |   0.0 |      28 |       0 |   0.0
        D:5 |     743 |       0 |   0.0 |      16 |       0 |   0.0
        D:6 |     350 |       0 |   0.0 |       5 |       0 |   0.0
        D:7 |     461 |      11 |   2.3 |       5 |       5 |  50.0
        D:8 |    1153 |     432 |  27.3 |      18 |       6 |  25.0
        D:9 |    1351 |       0 |   0.0 |       4 |       0 |   0.0
       D:10 |    5159 |       0 |   0.0 |      20 |       0 |   0.0
       D:11 |    1631 |    1512 |  48.1 |       5 |       6 |  54.5
       D:12 |    5046 |     353 |   6.5 |      14 |       1 |   6.7
     Lair:1 |     961 |       0 |   0.0 |       4 |       0 |   0.0
   Gauntlet |       0 |    2171 | 100.0 |       0 |       7 | 100.0
            +---------+---------+-------+---------+---------+-------
